[Event "ICC tourney 2545 (5 3)"]
[Site "Internet Chess Club"]
[Date "2021.04.11"]
[Round "2"]
[White "Hunab"]
[Black "marazul1"]
[Result "1-0"]
[ICCResult "Black resigns"]
[WhiteElo "1530"]
[BlackElo "1199"]
[Opening "English opening"]
[ECO "A10"]
[NIC "EO.64"]
[Time "14:29:12"]
[TimeControl "300+3"]

1. c4 g6 2. Nc3 Bg7 3. g3 c6 4. Bg2 Nf6 5. e4 e5 6. Nge2 a6 7. d3 c5 8. O-O
Nc6 9. h3 d6 10. Be3 Be6 11. Qd2 Qb6 12. Rab1 Nb4 13. a3 Nc6 14. b4 Qc7 15.
bxc5 Nd4 16. cxd6 Qxd6 17. f4 Nxe2+ 18. Qxe2 Bc8 19. Nd5 O-O 20. Rb6 Qd8 21.
fxe5 Nh5 22. Nf6+ Nxf6 23. exf6 Bh8 24. e5 Be6 25. Rxb7 Qa5 26. d4 Rac8 27.
d5 Bf5 28. g4 Qxa3 29. gxf5 Qa4 30. fxg6 fxg6 31. d6 Rxc4 32. Bd5+ Rf7 33.
Bxc4 Kf8 34. Rxf7+ Ke8 35. d7+ Qxd7 36. Rxd7 {Black resigns} 1-0

[Event "ICC tourney 2545 (5 3)"]
[Site "Internet Chess Club"]
[Date "2021.04.11"]
[Round "2"]
[White "vJiggy"]
[Black "TYH"]
[Result "0-1"]
[ICCResult "White checkmated"]
[WhiteElo "1370"]
[BlackElo "1681"]
[Opening "Queen's pawn, Mason variation"]
[ECO "D00"]
[NIC "QP.08"]
[Time "14:29:25"]
[TimeControl "300+3"]

1. d4 d5 2. Bf4 e6 3. e3 Bd6 4. Bg3 c6 5. c4 f5 6. Nc3 Nf6 7. Nf3 O-O 8. Bd3
Qe7 9. Qc2 Ne4 10. Nxe4 fxe4 11. Bxe4 dxe4 12. Qxe4 Bb4+ 13. Nd2 Nd7 14.
O-O-O Nf6 15. Qd3 b6 16. Nf3 Ba6 17. Ng5 h6 18. Ne4 Nxe4 19. Qxe4 Bxc4 20.
Qxc6 Rac8 21. Qa4 Bd3+ 22. Qc2 Rxc2+ 23. Kb1 Rc1+ 24. Kxc1 Rc8+ 25. Bc7
Rxc7# {White checkmated} 0-1

[Event "ICC tourney 2545 (5 3)"]
[Site "Internet Chess Club"]
[Date "2021.04.11"]
[Round "2"]
[White "weakfish"]
[Black "Fimachess2021"]
[Result "0-1"]
[ICCResult "White resigns"]
[WhiteElo "1329"]
[BlackElo "1454"]
[Opening "Scandinavian gambit"]
[ECO "B01"]
[NIC "SD.03"]
[Time "14:28:51"]
[TimeControl "300+3"]

1. e4 d5 2. exd5 Nf6 3. c4 c6 4. dxc6 Nxc6 5. b3 e5 6. Bb2 Bc5 7. Nc3 Qd4 8.
Qe2 O-O 9. Na4 Qd6 10. Nxc5 Qxc5 11. Qe3 Nd4 12. Bxd4 exd4 13. Qd3 Re8+ 14.
Be2 Bf5 15. Qf3 d3 16. Qxb7 dxe2 17. Nxe2 Bd3 18. O-O Bxe2 19. Rfe1 Rac8 20.
d4 Qc7 21. Qb5 Ng4 22. g3 Qc6 23. Qf5 Qf3 24. Qd7 Qxf2+ {White resigns} 0-1

[Event "ICC tourney 2545 (5 3)"]
[Site "Internet Chess Club"]
[Date "2021.04.11"]
[Round "2"]
[White "Chaos23"]
[Black "jab"]
[Result "1-0"]
[ICCResult "Black resigns"]
[WhiteElo "1884"]
[BlackElo "1430"]
[Opening "Sicilian"]
[ECO "B50"]
[NIC "SI.01"]
[Time "14:29:38"]
[TimeControl "300+3"]

1. e4 c5 2. Nf3 d6 3. c3 Nc6 4. d4 cxd4 5. cxd4 Nf6 6. Nc3 Bg4 7. d5 Ne5 8.
Nxe5 Bxd1 9. Bb5+ Nd7 10. Nxd7 Qxd7 11. Bxd7+ Kxd7 12. Kxd1 e6 13. Be3 exd5
14. Nxd5 Be7 15. Rc1 Rac8 16. Kd2 Rc6 17. Bxa7 Ra8 18. Nb6+ Rxb6 19. Bxb6
Rxa2 20. Bd4 Bg5+ 21. Be3 Bf6 22. Rc2 b5 23. b3 Ra3 24. Rb1 h6 25. Kd3 g5
26. Bd4 Be7 27. f3 Ra8 28. Ra1 Rf8 29. Ra7+ Ke6 30. Rcc7 Bd8 31. Rcb7 f5 32.
Rxb5 fxe4+ 33. Kxe4 Rf4+ 34. Kd3 g4 35. Be3 Rf6 36. fxg4 Rf1 37. Bxh6 Rd1+
38. Ke2 Rg1 39. Kf2 Rb1 40. Ra2 Bf6 41. Be3 d5 42. Re2 Kd6 43. g5 Be5 44. g6
Kc6 45. Rb6+ Kd7 46. g7 Bxg7 47. Rb7+ Kd6 48. Rxg7 Kc6 49. Rg6+ Kb5 50. Bd4
Rxb3 51. Rb6+ Kc4 52. Rxb3 Kxb3 53. Ke3 Kc4 54. h4 {Black resigns} 1-0

[Event "ICC tourney 2545 (5 3)"]
[Site "Internet Chess Club"]
[Date "2021.04.11"]
[Round "2"]
[White "INDIAN-ELEPHANT"]
[Black "MIEMBR"]
[Result "1-0"]
[ICCResult "Black forfeits on time"]
[WhiteElo "2638"]
[BlackElo "1597"]
[Opening "Catalan: open, 5.Nf3"]
[ECO "E04"]
[NIC "CA.03"]
[Time "14:29:55"]
[TimeControl "300+3"]

1. d4 Nf6 2. Nf3 d5 3. c4 e6 4. g3 dxc4 5. Bg2 Nc6 6. Qa4 Bd7 7. Qxc4 Be7 8.
O-O O-O 9. Bg5 Ne4 10. Bxe7 Qxe7 11. Ne5 Nd6 12. Qc5 Rab8 13. Nc3 b6 14.
Nxc6 Bxc6 15. Qxc6 h5 16. e4 h4 17. e5 Nf5 18. Qe4 Rbd8 19. d5 hxg3 20. hxg3
Nh6 21. Rac1 f5 22. exf6 Rxf6 23. Nb5 Qf7 24. Rxc7 Qh5 25. Qh4 Qe5 26. Rxa7
Qxb2 27. Qg5 Nf5 28. Nc7 Rc8 29. Nxe6 {Black forfeits on time} 1-0

[Event "ICC tourney 2545 (5 3)"]
[Site "Internet Chess Club"]
[Date "2021.04.11"]
[Round "2"]
[White "dashriprock"]
[Black "babakay"]
[Result "1-0"]
[ICCResult "Black resigns"]
[WhiteElo "1449"]
[BlackElo "1328"]
[Opening "Queen's pawn game, Darooha variation "]
[ECO "D02"]
[NIC "QP.08"]
[Time "14:29:47"]
[TimeControl "300+3"]

1. d4 d5 2. Nf3 Nf6 3. g3 c6 4. Bg2 Nbd7 5. c4 e6 6. O-O Bd6 7. Nc3 Bb8 8.
b3 O-O 9. Bb2 Re8 10. Re1 e5 11. dxe5 Nxe5 12. cxd5 Nxf3+ 13. Bxf3 Nxd5 14.
Nxd5 cxd5 15. Qxd5 Qb6 16. Red1 a5 17. Qg5 f6 18. Bd5+ Kh8 19. Qh5 Bd7 20.
Bf7 Re7 21. Ba3 Ba7 22. e3 Rxe3 23. Bc5 Rxg3+ 24. hxg3 Qxc5 25. Qxc5 Bxc5
26. Rxd7 b6 27. Rad1 Rf8 28. Rd8 g6 29. Rxf8+ Bxf8 30. Rd8 Kg7 31. Rxf8 Kxf8
32. Bc4 Ke7 33. Kg2 Kd6 34. Kf3 Ke5 35. Ke3 h5 36. Bf7 Kf5 37. a4 Kg5 38.
Kf3 f5 39. Kg2 Kf6 40. Be8 Kg5 41. f4+ Kh6 42. Kh3 g5 43. Bf7 gxf4 44. gxf4
Kg7 45. Bxh5 Kf6 46. Kh4 Ke6 47. Kg5 Kd5 48. Kxf5 Kc5 49. Bf7 b5 50. axb5
Kxb5 51. Bc4+ Kb4 52. Ke6 a4 53. bxa4 Kxc4 54. f5 Kb4 55. f6 Kxa4 56. f7
{Black resigns}
1-0

[Event "ICC tourney 2545 (5 3)"]
[Site "Internet Chess Club"]
[Date "2021.04.11"]
[Round "2"]
[White "skschess"]
[Black "Tudorache"]
[Result "0-1"]
[ICCResult "White checkmated"]
[WhiteElo "1385"]
[BlackElo "1721"]
[Opening "Sicilian: Alapin's variation (2.c3)"]
[ECO "B22"]
[NIC "SI.47"]
[Time "14:29:54"]
[TimeControl "300+3"]

1. e4 c5 2. c3 Nf6 3. e5 Nd5 4. d4 cxd4 5. cxd4 d6 6. Nf3 Nc6 7. exd6 e6 8.
Bd2 Bxd6 9. Nc3 O-O 10. Nxd5 exd5 11. Be2 Re8 12. O-O Bg4 13. h3 Bh5 14. Re1
h6 15. Qc2 Bg6 16. Qc3 Bb4 17. Qc1 Bxd2 18. Qxd2 Qb6 19. b3 Rac8 20. Rac1
Be4 21. Kh1 Qd8 22. a3 Qf6 23. b4 Qf5 24. Nh4 Qxh3+ 25. Kg1 Qxh4 26. f3 Bg6
27. Bf1 Qg3 28. Rxe8+ Rxe8 29. Qf2 Qxf2+ 30. Kxf2 Nxd4 31. Rc7 Rb8 32. a4 a6
33. b5 axb5 34. axb5 b6 35. Ke3 Ne6 36. Rc6 d4+ 37. Kd2 Nc5 38. g3 d3 39. f4
Ne4+ 40. Ke3 Nxg3 41. Bxd3 Bxd3 42. Kxd3 h5 43. Ke3 h4 44. Kf3 Nf5 45. Kg4
g6 46. Kh3 Kg7 47. Kg4 Rb7 48. Kh3 Kh6 49. Kg4 Rb8 50. Rf6 Nd4 51. Rxf7 Nxb5
52. f5 gxf5+ 53. Rxf5 Nd4 54. Rh5+ Kg6 55. Rg5+ Kf6 56. Kxh4 b5 57. Rg4 Nf5+
58. Kh3 b4 59. Rf4 b3 60. Kg4 Rb5 61. Rf1 b2 62. Rb1 Ne3+ 63. Kf3 Nc4 64.
Ke2 Na3 65. Rf1+ Ke5 66. Rh1 b1=Q 67. Rh5+ Kf6 68. Rxb5 Qxb5+ 69. Ke3 Qc4
70. Kd2 Qc2+ 71. Ke3 Ke5 72. Kf3 Qd2 73. Kg3 Qe2 74. Kh3 Qf3+ 75. Kh4 Qg2
76. Kh5 Kf5 77. Kh6 Qg6# {White checkmated} 0-1

[Event "ICC tourney 2545 (5 3)"]
[Site "Internet Chess Club"]
[Date "2021.04.11"]
[Round "2"]
[White "HobbyChess"]
[Black "ericbuen"]
[Result "1-0"]
[ICCResult "Black resigns"]
[WhiteElo "2101"]
[BlackElo "1520"]
[Opening "French: King's Indian attack"]
[ECO "C00"]
[NIC "FR.02"]
[Time "14:30:00"]
[TimeControl "300+3"]

1. e4 e6 2. d3 b6 3. c4 Bb7 4. Nc3 Nf6 5. Nge2 Be7 6. g3 d6 7. Bg2 O-O 8.
O-O a6 9. h3 c5 10. f4 Qc7 11. g4 h6 12. Ng3 Nbd7 13. Qe2 Rad8 14. Bd2 d5
15. cxd5 exd5 16. e5 Nh7 17. Bxd5 Bh4 18. Nf5 Bxd5 19. Nxd5 Qb7 20. Qe4 Qc6
21. Nde7+ Bxe7 22. Nxe7+ {Black resigns} 1-0

[Event "ICC tourney 2545 (5 3)"]
[Site "Internet Chess Club"]
[Date "2021.04.11"]
[Round "2"]
[White "devimuru"]
[Black "luckylol3"]
[Result "0-1"]
[ICCResult "White checkmated"]
[WhiteElo "1060"]
[BlackElo "1458"]
[Opening "Ponziani: Jaenisch counter-attack"]
[ECO "C44"]
[NIC "KP.05"]
[Time "14:30:32"]
[TimeControl "300+3"]

1. e4 e5 2. Nf3 Nc6 3. c3 Nf6 4. d3 d6 5. c4 Bg4 6. h3 Bh5 7. g4 Bg6 8. Nc3
Be7 9. Be2 Qd7 10. O-O O-O 11. Ng5 h6 12. Nf3 Rfe8 13. d4 exd4 14. Nxd4 Nxe4
15. Nxc6 bxc6 16. Nxe4 Bxe4 17. b3 Bf6 18. Bd3 Bxa1 19. Bxe4 Rxe4 20. Qc2
Qe6 21. Qd1 Bf6 22. Re1 Rxe1+ 23. Qxe1 Qxe1+ 24. Kg2 Qxc1 25. Kg3 Be5+ 26.
Kh4 Qg5# {White checkmated} 0-1

[Event "ICC tourney 2545 (5 3)"]
[Site "Internet Chess Club"]
[Date "2021.04.11"]
[Round "2"]
[White "Littleman7572"]
[Black "skbvidya"]
[Result "0-1"]
[ICCResult "White resigns"]
[WhiteElo "1308"]
[BlackElo "1146"]
[Opening "Ruy Lopez: closed"]
[ECO "C90"]
[NIC "RL.19"]
[Time "14:30:13"]
[TimeControl "300+3"]

1. e4 e5 2. Nf3 Nc6 3. Bb5 a6 4. Ba4 Nf6 5. O-O Be7 6. Re1 b5 7. Bb3 d6 8.
c3 Na5 9. Bc2 c5 10. d4 Qc7 11. dxe5 dxe5 12. Be3 Nc4 13. b3 Nxe3 14. Rxe3
O-O 15. Nbd2 Be6 16. h3 Rad8 17. Qe1 c4 18. Ng5 Bc8 19. Rg3 Nh5 20. Rf3 Bxg5
21. Qe2 Rxd2 {White resigns} 0-1

[Event "ICC tourney 2545 (5 3)"]
[Site "Internet Chess Club"]
[Date "2021.04.11"]
[Round "2"]
[White "sudhirkj"]
[Black "AtharvRB"]
[Result "0-1"]
[ICCResult "White checkmated"]
[WhiteElo "1310"]
[BlackElo "1687"]
[Opening "Polish (Sokolsky) opening"]
[ECO "A00"]
[NIC "VO.10"]
[Time "14:30:05"]
[TimeControl "300+3"]

1. b4 f5 2. Bb2 Nf6 3. e3 g6 4. c4 Bg7 5. a4 O-O 6. h4 d6 7. Qc2 e5 8. h5
Nxh5 9. Rxh5 gxh5 10. c5 Be6 11. Bc4 Qe7 12. cxd6 cxd6 13. Be2 Nd7 14. Bxh5
Qg5 15. Bf3 Rac8 16. Qd1 e4 17. Bxg7 Qxg7 18. Nc3 exf3 19. Qxf3 Rxc3 20. Rd1
Rcc8 21. Qxb7 Kh8 22. g3 f4 23. exf4 Qd4 24. Ne2 Qb6 25. Qe4 Rfe8 26. a5 Qb5
27. Qd4+ Kg8 28. d3 Bg4 29. Rd2 Rc1+ 30. Rd1 Rxd1+ 31. Kxd1 Bxe2+ 32. Kd2
Qxd3+ 33. Qxd3 Bxd3 34. Kxd3 Rb8 35. Kd4 Rxb4+ 36. Kd5 Kf7 37. Kxd6 Ke8 38.
Kd5 Rb5+ 39. Ke6 Rxa5 40. f5 Re5+ 41. Kd6 Rxf5 42. f4 a5 43. Ke6 Rf6+ 44.
Kd5 a4 45. Kc4 Rb6 46. g4 a3 47. g5 a2 48. f5 a1=Q 49. g6 hxg6 50. fxg6 Rxg6
51. Kd3 Rd6+ 52. Ke4 Qe1+ 53. Kf5 Rf6+ 54. Kg5 Qe5+ 55. Kg4 Rf4+ 56. Kg3
Qe3+ 57. Kg2 Rf2+ 58. Kg1 Qe1# {White checkmated} 0-1

[Event "ICC tourney 2545 (5 3)"]
[Site "Internet Chess Club"]
[Date "2021.04.11"]
[Round "2"]
[White "hannabanana"]
[Black "ChucklesChess"]
[Result "0-1"]
[ICCResult "White forfeits on time"]
[WhiteElo "1390"]
[BlackElo "1257"]
[Opening "Giuoco Pianissimo: Italian four knights variation"]
[ECO "C50"]
[NIC "IG.02"]
[Time "14:28:48"]
[TimeControl "300+3"]

1. e4 e5 2. Nf3 Nc6 3. Bc4 Bc5 4. d3 Nf6 5. Nc3 h6 6. O-O O-O 7. Be3 Be7 8.
h3 Nb4 9. Nxe5 d5 10. exd5 Nfxd5 11. a3 Nxe3 12. fxe3 Nc6 13. Nxc6 bxc6 14.
Rf3 Bb7 15. Qe2 c5 16. e4 a5 17. Raf1 Bf6 18. e5 Qd4+ 19. R1f2 Bxf3 20. Qxf3
Qxe5 21. Re2 Qd6 22. Bxf7+ Rxf7 23. Qxa8+ Kh7 24. Re8 Bd4+
{White forfeits on time}
0-1

[Event "ICC tourney 2545 (5 3)"]
[Site "Internet Chess Club"]
[Date "2021.04.11"]
[Round "2"]
[White "Kroger"]
[Black "HenrikL"]
[Result "1-0"]
[ICCResult "Black resigns"]
[WhiteElo "1698"]
[BlackElo "1756"]
[Opening "English, 1...Nf6 (Anglo-Indian defense)"]
[ECO "A15"]
[NIC "EO.13"]
[Time "14:30:00"]
[TimeControl "300+3"]

1. c4 Nf6 2. g3 g6 3. Bg2 Bg7 4. Nf3 O-O 5. O-O d6 6. Nc3 e5 7. d3 Nc6 8.
Rb1 h6 9. b4 Be6 10. b5 Ne7 11. a4 Nd7 12. Bd2 f5 13. a5 b6 14. axb6 axb6
15. Ne1 Rb8 16. Nc2 Kh8 17. Nb4 f4 18. Be4 Nf6 19. Bg2 g5 20. Qc2 Qe8 21.
Ncd5 Nexd5 22. cxd5 Bg4 23. f3 Bd7 24. Qxc7 Qh5 25. g4 Bxg4 26. fxg4 Nxg4
27. h3 Nf6 28. Qxd6 g4 29. Qe6 Rbe8 30. Qxb6 gxh3 31. Bf3 Qh4 32. Qf2 Qg5+
33. Kh1 e4 34. dxe4 Nxe4 35. Bxe4 Rxe4 36. Nd3 Qxd5 37. Qf3 Be5 38. Nxe5
Qxe5 39. Bc3 {Black resigns} 1-0

[Event "ICC tourney 2545 (5 3)"]
[Site "Internet Chess Club"]
[Date "2021.04.11"]
[Round "2"]
[White "zugspitze"]
[Black "zwerstil"]
[Result "1-0"]
[ICCResult "Black checkmated"]
[WhiteElo "1611"]
[BlackElo "1347"]
[Opening "QGD Slav accepted: Alapin variation"]
[ECO "D16"]
[NIC "SL.01"]
[Time "14:30:05"]
[TimeControl "300+3"]

1. d4 d5 2. c4 c6 3. Nc3 dxc4 4. a4 Nf6 5. Nf3 b6 6. e3 c5 7. Bxc4 cxd4 8.
Nxd4 e5 9. Bb5+ Bd7 10. Nf5 Nc6 11. Nd6+ Bxd6 12. Qxd6 Rc8 13. O-O a5 14. b3
Nb4 15. Qxe5+ Qe7 16. Bxd7+ Nxd7 17. Qxg7 Qf8 18. Qxf8+ Nxf8 19. Ne4 Nc2 20.
Nd6+ Kd7 21. Nxc8 Nxa1 22. Nxb6+ Kc7 23. Nd5+ Kd6 24. Ba3+ Ke6 25. Nf4+ Kf6
26. Bb2+ Kg5 27. Bxh8 Ne6 28. Nxe6+ fxe6 29. Rxa1 h5 30. Rc1 h4 31. Rc5+ Kg6
32. Rxa5 Kf7 33. Rh5 e5 34. Rxh4 Ke6 35. Rc4 e4 36. a5 Kd5 37. a6 Ke6 38. a7
Kd6 39. a8=Q Ke6 40. Qa6+ Kf5 41. Qb5+ Kg4 42. Rxe4# {Black checkmated} 1-0

[Event "ICC tourney 2545 (5 3)"]
[Site "Internet Chess Club"]
[Date "2021.04.11"]
[Round "2"]
[White "KingsizePawn"]
[Black "yitongjianghu"]
[Result "1-0"]
[ICCResult "Black checkmated"]
[WhiteElo "1652"]
[BlackElo "1359"]
[Opening "Sicilian: closed"]
[ECO "B23"]
[NIC "SI.44"]
[Time "14:29:39"]
[TimeControl "300+3"]

1. e4 c5 2. Nc3 d6 3. g3 Nc6 4. Bg2 Nf6 5. d3 g6 6. h3 Bg7 7. Be3 O-O 8. Qd2
e6 9. Nge2 a6 10. a4 Qa5 11. O-O Bd7 12. Bh6 Bxh6 13. Qxh6 Nb4 14. Rac1 Bxa4
15. Nxa4 Qxa4 16. Nc3 Qd7 17. f4 d5 18. f5 exf5 19. exf5 d4 20. Ne4 Nxe4 21.
Bxe4 Qd6 22. Rf3 Nd5 23. Bxd5 Qxd5 24. Rcf1 Qd6 25. f6 Qxf6 26. Rxf6 Rac8
27. b3 Rc7 28. Qf4 Re7 29. Qd6 Re3 30. Qxc5 Rxg3+ 31. Kh2 Re3 32. Qxd4 Re2+
33. R1f2 Re1 34. Rb6 Rfe8 35. Rxb7 R1e5 36. Rbxf7 h5 37. Qc4 Kh8 38. Qxa6
R5e6 39. Rf8+ Kg7 40. R2f7+ Kh6 41. Qa7 Re2+ 42. Rf2 R2e7 43. Qd4 Rxf8 44.
Rxf8 Re2+ 45. Rf2 Re7 46. h4 Kh7 47. Rf8 Rg7 48. Qd8 Ra7 49. Rh8+ Kg7 50.
Qd4+ Kf7 51. Qxa7+ Ke6 52. b4 Kd5 53. b5 Kd6 54. b6 Kc6 55. b7 Kc7 56. b8=Q+
Kc6 57. Qab6+ Kd5 58. Q8d6# {Black checkmated} 1-0

[Event "ICC tourney 2545 (5 3)"]
[Site "Internet Chess Club"]
[Date "2021.04.11"]
[Round "2"]
[White "ShapeShifter"]
[Black "fishbein"]
[Result "0-1"]
[ICCResult "White resigns"]
[WhiteElo "1557"]
[BlackElo "2486"]
[Opening "King's Indian defense, 3.Nc3"]
[ECO "E61"]
[NIC "KI.80"]
[Time "14:29:29"]
[TimeControl "300+3"]

1. d4 Nf6 2. c4 g6 3. Nc3 Bg7 4. Nf3 O-O 5. Bg5 d6 6. e3 Bf5 7. Be2 h6 8.
Bh4 Nbd7 9. h3 Re8 10. Nd2 e5 11. Bxf6 Nxf6 12. d5 a5 13. e4 Bd7 14. Qc2 c6
15. b3 Rc8 16. Qb2 Qb6 17. a3 h5 18. O-O Bh6 19. Rfb1 cxd5 20. cxd5 Qd4 21.
Nc4 b5 22. Rd1 Qc5 23. b4 axb4 24. axb4 Qc7 {White resigns} 0-1

[Event "ICC tourney 2545 (5 3)"]
[Site "Internet Chess Club"]
[Date "2021.04.11"]
[Round "2"]
[White "tistime"]
[Black "checkninja"]
[Result "1/2-1/2"]
[ICCResult "White stalemated"]
[WhiteElo "1298"]
[BlackElo "1582"]
[Opening "Benoni defense"]
[ECO "A60"]
[NIC "BI.38"]
[Time "14:28:47"]
[TimeControl "300+3"]

1. d4 Nf6 2. c4 c5 3. d5 e6 4. dxe6 dxe6 5. Qxd8+ Kxd8 6. Bg5 Be7 7. Nf3 h6
8. Bh4 Nc6 9. e3 Bd7 10. a3 Ne4 11. Bxe7+ Kxe7 12. Bd3 Nf6 13. O-O e5 14. e4
Bg4 15. Be2 Nxe4 16. h3 Be6 17. Nc3 Nxc3 18. bxc3 f6 19. Rab1 b6 20. Rfd1
Na5 21. Nd2 Rad8 22. Bf3 Nxc4 23. Nxc4 Bxc4 24. a4 Ke6 25. a5 b5 26. a6 f5
27. Bb7 Rd6 28. Re1 Bd3 29. Rbc1 Kf6 30. Red1 Rhd8 31. Re1 Bc4 32. Kh2 Bd5
33. Bxd5 Rxd5 34. c4 bxc4 35. Rxc4 R8d6 36. Ra1 e4 37. Ra5 Rc6 38. Kg3 g5
39. Kh2 Rdd6 40. Kg3 Rxa6 41. Rcxc5 Rxa5 42. Rxa5 a6 43. Kh2 f4 44. Kg1 Ke6
45. Kh2 Kd7 46. Rc5 Rc6 47. Rd5+ Kc7 48. Ra5 Kb6 49. Ra4 Re6 50. Kg1 Kb5 51.
Rd4 a5 52. Kf1 a4 53. Ke2 a3 54. Rd2 Kb4 55. f3 exf3+ 56. Kxf3 Re3+ 57. Kg4
Kb3 58. Kh5 a2 59. Rd1 Kb2 60. Kxh6 Rg3 61. Rd2+ Ka3 62. Rd1 Rxg2 63. Kh5
Kb2 64. h4 gxh4 65. Kxh4 a1=Q 66. Rxa1 Kxa1 67. Kh3 Rg8 68. Kh4 f3 69. Kh3
f2 70. Kh2 f1=Q {White stalemated} 1/2-1/2

[Event "ICC tourney 2545 (5 3)"]
[Site "Internet Chess Club"]
[Date "2021.04.11"]
[Round "2"]
[White "Abix4"]
[Black "krankenstein"]
[Result "1-0"]
[ICCResult "Black resigns"]
[WhiteElo "1651"]
[BlackElo "1245"]
[Opening "QGD: Alapin variation"]
[ECO "D31"]
[NIC "QP.08"]
[Time "14:29:22"]
[TimeControl "300+3"]

1. d4 d5 2. c4 e6 3. Nc3 b6 4. Nf3 h6 5. Bf4 Nf6 6. a3 Bd6 7. Bg3 Nc6 8. e3
Ne7 9. cxd5 exd5 10. Bb5+ Bd7 11. Bxd7+ Qxd7 12. Ne5 Qf5 13. Qa4+ Nd7 14.
Nxd7 Qxd7 15. Qxd7+ Kxd7 16. Bxd6 Kxd6 17. O-O a6 18. Rac1 Rae8 19. Ne2 c6
20. Rc3 Rc8 21. Ng3 f5 22. Nh5 Rhg8 23. Rfc1 Ke6 24. h3 g6 25. Nf4+ Kd6 26.
Nd3 g5 27. Nb4 a5 28. Nd3 Ng6 29. b4 a4 30. b5 c5 31. dxc5+ bxc5 32. Rxc5
Rxc5 33. Rxc5 Ne5 34. Rc3 Nc4 35. Nb4 Ke5 36. Nc6+ Kd6 37. Nd4 f4 38. exf4
gxf4 39. Nf5+ Ke5 40. Nxh6 Kd4 41. Rf3 Rf8 42. g3 Nd2 43. Rxf4+ Rxf4 44.
gxf4 Nf3+ 45. Kg2 Ke4 46. b6 d4 47. b7 d3 48. b8=Q d2 49. Qb7+ Kd4 50. Qxf3
{Black resigns}
1-0

[Event "ICC tourney 2545 (5 3)"]
[Site "Internet Chess Club"]
[Date "2021.04.11"]
[Round "2"]
[White "BK10"]
[Black "MichaelIC"]
[Result "0-1"]
[ICCResult "White checkmated"]
[WhiteElo "1564"]
[BlackElo "1492"]
[Opening "French: advance, Euwe variation"]
[ECO "C02"]
[NIC "FR.03"]
[Time "14:29:41"]
[TimeControl "300+3"]

1. e4 e6 2. d4 d5 3. e5 c5 4. c3 Nc6 5. Nf3 Bd7 6. dxc5 Qc7 7. b4 Nxe5 8.
Be2 Nf6 9. O-O Ne4 10. Kh1 Ng6 11. h4 Be7 12. h5 Nf4 13. Bxf4 Qxf4 14. a4
Bf6 15. Ra3 g6 16. c4 dxc4 17. Bxc4 O-O-O 18. Qc2 Ng5 19. b5 Be7 20. c6 bxc6
21. bxc6 Bxc6 22. Ba6+ Kc7 23. Rc3 Nxf3 24. Rxf3 Qh4+ 25. Kg1 Bd6 26. g3
Qxh5 27. Rc3 Qh1# {White checkmated} 0-1

[Event "ICC tourney 2545 (5 3)"]
[Site "Internet Chess Club"]
[Date "2021.04.11"]
[Round "2"]
[White "architect22"]
[Black "PeterOsgood"]
[Result "0-1"]
[ICCResult "White resigns"]
[WhiteElo "1382"]
[BlackElo "1899"]
[Opening "Queen's pawn game"]
[ECO "E00"]
[NIC "QP.07"]
[Time "14:30:31"]
[TimeControl "300+3"]

1. d4 Nf6 2. c4 e6 3. a3 c5 4. Nf3 cxd4 5. Nxd4 Nc6 6. Nf3 d5 7. e3 Be7 8.
Nc3 O-O 9. Be2 dxc4 10. Bxc4 Qc7 11. O-O a6 12. Re1 b5 13. Ba2 Bb7 14. e4
Rfd8 15. Qc2 Ng4 16. Bb1 Nd4 17. Nxd4 Qxh2+ 18. Kf1 Rxd4 19. Be3 Nxe3+ 20.
Rxe3 Rad8 21. Rh3 Qf4 22. e5 g6 23. Ne2 Rd1+ {White resigns} 0-1

[Event "ICC tourney 2545 (5 3)"]
[Site "Internet Chess Club"]
[Date "2021.04.11"]
[Round "2"]
[White "joey0926"]
[Black "PhaseShift"]
[Result "0-1"]
[ICCResult "White resigns"]
[WhiteElo "1389"]
[BlackElo "1654"]
[Opening "Sicilian: Smith-Morra gambit"]
[ECO "B21"]
[NIC "SI.48"]
[Time "14:30:00"]
[TimeControl "300+3"]

1. e4 c5 2. d4 cxd4 3. Qxd4 Nc6 4. Qd1 g6 5. Bd3 Bg7 6. Nf3 d6 7. O-O Nf6 8.
Nc3 O-O 9. Bg5 a6 10. Re1 b5 11. Rb1 Be6 12. a3 Rc8 13. e5 dxe5 14. Nxe5
Nxe5 15. Rxe5 Qc7 16. Re1 Rfd8 17. Qf3 Qc6 18. Qxc6 Rxc6 19. Bh4 Kf8 20. Ne4
Nxe4 21. Rxe4 h6 22. Ree1 g5 23. Bg3 Bc4 24. Red1 Bxd3 25. cxd3 Rc2 26. d4
Rxd4 27. Rf1 Rdd2 28. b4 f5 29. h3 f4 30. Bh2 Bd4 31. h4 Bxf2+ 32. Kh1 Be3
33. hxg5 hxg5 34. Rb3 Rxg2 35. Rxe3 Rxh2+ {White resigns} 0-1

[Event "ICC tourney 2545 (5 3)"]
[Site "Internet Chess Club"]
[Date "2021.04.11"]
[Round "2"]
[White "Keka34"]
[Black "justinchess"]
[Result "0-1"]
[ICCResult "White resigns"]
[WhiteElo "1500"]
[BlackElo "2113"]
[Opening "Scandinavian (center counter) defense"]
[ECO "B01"]
[NIC "SD.01"]
[Time "14:35:18"]
[TimeControl "300+3"]

1. e4 d5 2. exd5 Qxd5 3. Nc3 Qa5 4. d4 Nf6 5. Bd2 c6 6. Nf3 Bg4 7. h3 Bxf3
8. Qxf3 Nbd7 9. b4 Qb6 10. Bd3 Qxd4 11. O-O Ne5 12. Qe3 Qxe3 13. Bxe3 Nxd3
14. cxd3 e6 15. b5 c5 16. b6 axb6 17. Nb5 Kd7 18. d4 Nd5 19. dxc5 Bxc5 20.
Rac1 Nxe3 21. fxe3 Bxe3+ 22. Kh1 Bxc1 23. Rxc1 Rhc8 24. Rd1+ Ke7 {White
resigns} 0-1

[Event "ICC tourney 2545 (5 3)"]
[Site "Internet Chess Club"]
[Date "2021.04.11"]
[Round "2"]
[White "MrsPiggy"]
[Black "WestCoastGirl"]
[Result "1/2-1/2"]
[ICCResult "Game drawn by repetition"]
[WhiteElo "1350"]
[BlackElo "1435"]
[Opening "QGD Slav: 4.e3 Bf5"]
[ECO "D12"]
[NIC "QP.08"]
[Time "14:29:40"]
[TimeControl "300+3"]

1. d4 d5 2. e3 Nf6 3. c4 c6 4. Nf3 Bf5 5. Be2 e6 6. O-O Bd6 7. b3 Nbd7 8.
Bb2 Rc8 9. Re1 O-O 10. Nbd2 Bb8 11. Ne5 Qc7 12. Ndf3 Nxe5 13. Nxe5 Nd7 14.
Bg4 Nxe5 15. dxe5 Be4 16. Bf3 Bxf3 17. Qxf3 Qa5 18. Qe2 Bc7 19. f4 Bb6 20.
Qd3 Rfd8 21. Bc3 Qa3 22. Qc2 dxc4 23. bxc4 Qe7 24. Qb3 Bc5 25. Qc2 Rd7 26.
Rad1 Rcd8 27. Rxd7 Rxd7 28. Qe2 Qd8 29. Rc1 Rd3 30. Rc2 Bxe3+ 31. Kf1 Rd1+
32. Be1 Bxf4 33. g3 Bh6 34. Kf2 Rd3 35. Kg2 g6 36. Qe4 Rd4 37. Qe2 Qb6 38.
Bf2 c5 39. Bxd4 cxd4 40. Qd3 Be3 41. Kf3 Qc6+ 42. Qe4 Qa4 43. Qd3 Qb4 44.
Qe2 Qa3 45. Kg2 b6 46. Rb2 Qc3 47. Rc2 Qa1 48. Qf1 Qxf1+ 49. Kxf1 Kf8 50.
Ke2 Bg1 51. h3 Ke7 52. Kd3 Kd7 53. Rg2 Be3 54. g4 Kc6 55. Rb2 a6 56. a4 h6
57. Re2 Kc5 58. Rb2 g5 59. Rb3 Bg1 60. Rb1 Be3 61. Rb3 Bg1 62. Rb1 Be3 63.
Rb3 Bg1 64. Rb1 Be3 65. Rb3 Bg1 {Game drawn by repetition} 1/2-1/2

[Event "ICC tourney 2545 (5 3)"]
[Site "Internet Chess Club"]
[Date "2021.04.11"]
[Round "2"]
[White "Toya"]
[Black "evorg"]
[Result "1/2-1/2"]
[ICCResult "Game drawn by repetition"]
[WhiteElo "1386"]
[BlackElo "1547"]
[Opening "Center game: Hall variation"]
[ECO "C22"]
[NIC "KP.04"]
[Time "14:30:05"]
[TimeControl "300+3"]

1. e4 e5 2. d4 exd4 3. Qxd4 Nc6 4. Qc4 d6 5. Nc3 Be6 6. Qb5 Qd7 7. Nf3 O-O-O
8. Bg5 f6 9. Bh4 d5 10. O-O-O d4 11. Na4 a6 12. Qh5 Bxa2 13. Nc3 Bf7 14. Qf5
Be6 15. Qf4 g5 16. Bxg5 fxg5 17. Nxg5 Bh6 18. h4 Qe7 19. Nd5 Bxd5 20. exd5
Bxg5 21. hxg5 Qe5 22. Qg4+ Kb8 23. dxc6 Qa5 24. Kb1 bxc6 25. Bd3 Ne7 26.
Rxh7 Rxh7 27. Bxh7 Nd5 28. Qxd4 Nc3+ 29. bxc3 Rxd4 30. Rxd4 Qxc3 31. Rd8+
Kb7 32. Bd3 Qb4+ 33. Kc1 Qe1+ 34. Kb2 Qb4+ 35. Kc1 Qe1+ 36. Kb2 Qb4+ 37. Kc1
{Game drawn by repetition}
1/2-1/2